 Dungeon Crawl Stone Soup version 0.31.0 (webtiles) character file.

Game seed: 11526334911167422896

12151 James the Blocker (level 12, -2/89 HPs)
             Began as a Formicid Cinder Acolyte on Jan 19, 2024.
             Was a High Priest of Ignis.
             Slain by a centaur warrior (6 damage)
             ... on level 11 of the Dungeon.
             The game lasted 00:37:35 (9877 turns).

James the Blocker (Formicid Cinder Acolyte)         Turns: 9877, Time: 00:37:35

Health: -2/89      AC: 30    Str: 24    XL:     12   Next: 16%
Magic:  13/13      EV:  9    Int: 14    God:    Ignis [*****.]
Gold:   501        SH: 12    Dex:  9    Spells: 13/13 levels left

rFire   + . .        a - +5 Force Lance {heavy, knockback}
rCold   . . .        P - +0 kite shield
rNeg    . . .        F - +4 scale mail
rPois   +            (helmet unavailable)
rElec   .            R - +0 cloak
rCorr   .            j - +2 pair of gloves {hurl}
SInv    +            M - +1 pair of boots {Stlth+}
Will    +....        e - amulet of magic regeneration
Stlth   +            g - ring of poison resistance
HPRegen 0.34/turn    I - +4 ring of protection
MPRegen 0.53/turn

%: no passive effects
@: fiery-armoured
A: permanent stasis, dig shafts and tunnels, antennae 3, four strong arms
a: Dig, Shaft Self, Renounce Religion, Fiery Armour, Foxfire Swarm, Rising Flame


You were on level 11 of the Dungeon.
You worshipped Ignis.
Ignis was extremely pleased with you.
You visited 2 branches of the dungeon, and saw 12 of its levels.
You also visited: Ossuary.

You collected 713 gold pieces.
You spent 212 gold pieces at shops.

Inventory:

Hand Weapons
 a - the +5 Force Lance (weapon) {heavy, knockback}
   (You found it on level 2 of the Dungeon)
 b - a +0 sling
   (You found it on level 1 of the Dungeon)
 f - a +1 heavy trident
   (You found it on level 9 of the Dungeon)
 k - a +0 scythe
   (You took it off Sigmund on level 6 of the Dungeon)
 m - a +0 glaive
   (You took it off an orc warrior on level 7 of the Dungeon)
 n - the +0 trident of Deformation {freeze, Int+2}
   (You found it on level 9 of the Dungeon)

   Int+2:     It affects your intelligence (+2).
 q - a +0 orcbow
   (You found it on level 2 of the Dungeon)
 B - a +2 vampiric spear {!w}
   (You found it on level 9 of the Dungeon)
 Y - a +0 shortbow
   (You took it off a centaur on level 5 of the Dungeon)
Missiles
 u - a curare-tipped dart {!f}
 A - 9 atropa-tipped darts
 D - 40 poisoned darts (quivered)
 H - a throwing net {!f}
 J - 3 boomerangs
Armour
 c - a +0 troll leather armour
   (You found it on level 10 of the Dungeon)
 i - a +0 plate armour
   (You took it off an orc warrior on level 5 of the Dungeon)
 j - a +2 pair of gloves of hurling (worn)
   (You found it on level 11 of the Dungeon)
 l - a +2 robe of positive energy
   (You took it off Blork the orc on level 5 of the Dungeon)
 x - a scarf of harm
   (You found it on level 7 of the Dungeon)
 y - a +3 leather armour of poison resistance
   (You took it off Ijyb on level 3 of the Dungeon)
 C - a +2 robe of willpower
   (You took it off an orc wizard on level 11 of the Dungeon)
 F - a +4 scale mail (worn)
   (You found it on level 3 of the Dungeon)
 M - a +1 pair of boots of stealth (worn)
   (You bought it in a shop on level 11 of the Dungeon)
 P - a +0 kite shield (worn)
   (You found it on level 5 of the Dungeon)
 R - a +0 cloak (worn)
   (You took it off Crazy Yiuf on level 6 of the Dungeon)
 X - a +2 scale mail of fire resistance
   (You took it off Edmund on level 5 of the Dungeon)
Jewellery
 e - an amulet of magic regeneration (around neck)
   (You found it on level 3 of the Dungeon)
 g - a ring of poison resistance (left hand)
   (You found it on level 6 of the Dungeon)
 E - a +6 ring of strength
   (You found it on level 9 of the Dungeon)
 G - a ring of resist corrosion
   (You found it on level 3 of the Dungeon)
 I - a +4 ring of protection (right hand)
   (You found it on level 3 of the Dungeon)
Wands
 d - a wand of iceblast (11)
   (You took it off Ijyb on level 3 of the Dungeon)
 t - a wand of flame (51)
   (You took it off Natasha on level 3 of the Dungeon)
 v - a wand of digging (3)
   (You found it on level 2 of the Dungeon)
Scrolls
 h - 3 scrolls of silence {unknown}
 p - 3 scrolls of fear
 s - 2 scrolls of immolation {unknown}
 L - 2 scrolls of revelation
 O - 2 scrolls of butterflies {unknown}
 U - 2 scrolls of poison {unknown}
 W - 3 scrolls of enchant weapon {unknown}
 Z - a scroll of amnesia {unknown}
Potions
 o - 4 potions of curing {@q1}
 w - a potion of cancellation {unknown}
 z - 2 potions of mutation {unknown}
 K - 2 potions of enlightenment {unknown}
 N - a potion of resistance {unknown}
 Q - 4 potions of lignification {!q}
 S - 3 potions of might {unknown}
 T - 2 potions of brilliance {unknown}
 V - 10 potions of ambrosia


   Skills:
 + Level 6.5 Fighting
 - Level 12.0 Polearms
 + Level 8.3 Armour
 * Level 14.6 Shields
 - Level 1.1 Spellcasting
 - Level 3.0 Fire Magic


You had 13 spell levels left.
You didn't know any spells.
Your spell library contained the following spells:

 Spells                   Type           Power      Damage    Failure   Level
 Scorch                   Fire           18%        2d5       36%         2
 Freeze                   Ice            0%         1d3       63%         1
 Mercury Vapours          Alch/Air       0%         N/A       77%         2
 Dazzling Flash           Conj/Hex       0%         N/A       94%         3
 Frozen Ramparts          Ice            0%         1d1       94%         3
 Hailstorm                Conj/Ice       0%         3d5       94%         3
 Mephitic Cloud           Conj/Alch/Air  0%         N/A       94%         3
 Summon Ice Beast         Ice/Summ       0%         N/A       94%         3
 Tukima's Dance           Hex            0%         N/A       94%         3
 Dimensional Bullseye     Hex/Tloc       0%         N/A       100%        4
 Iskenderun's Mystic Bla  Conj/Tloc      0%         2d3       100%        4
 Passage of Golubria      Tloc           0%         N/A       100%        4
 Curse of Agony           Necr           0%         N/A       100%        5
 Freezing Cloud           Conj/Ice/Air   0%         6-21      100%        5
 Silence                  Hex/Air        0%         N/A       100%        5
 Yara's Violent Unravell  Hex/Alch       0%         3d3       100%        5
 Sculpt Simulacrum        Ice/Alch       0%         N/A       100%        6


Dungeon Overview and Level Annotations

Branches:
Dungeon (11/15)            Temple (1/1) D:5            Lair (0/5) D:9
    Orc (0/2) D:11        Ossuary (visited)

Altars:
Ashenzari
Cheibriados
Dithmenos
Elyvilon
Fedhas
Gozag
Hepliaklqana
Kikubaaqudgha
Makhleb
Nemelex Xobeh
Okawaru
Qazlal
Ru
Sif Muna
Trog
Uskayaw
Vehumet
Wu Jian
Xom
Yredelemnul
Zin
The Shining One
Lugonu

Shops:
D:6 :   D:11 *

Portals:
Trove: D:11 (give +3 storm dragon scales)

Annotations:
D:3 2 transporters, CaptainMV's ghost, amateur NaSh
D:8 1 transporter


Innate Abilities, Weirdness & Mutations

You cannot be hasted, slowed, berserked, paralysed or teleported.
You can dig through walls and to a lower floor.
You have a pair of large antennae on your head. (SInv)
Your four strong arms can wield two-handed weapons with a shield.


Message History

The blast of calcifying dust hits the white ugly thing.
The blast of calcifying dust hits you but does no damage.
The white ugly thing is engulfed in calcifying dust.
The white ugly thing is moving more slowly.
The white ugly thing trunk-slaps you. The white ugly thing freezes you!
A cyclops comes into view.
The white ugly thing is engulfed in calcifying dust.
The white ugly thing stops moving altogether!
The white ugly thing is engulfed in calcifying dust.
The white ugly thing is engulfed in calcifying dust.
You reach to attack!
You puncture the white ugly thing!
You completely miss the white ugly thing.
The white ugly thing trunk-slaps you. The white ugly thing freezes you!!
You barely miss the white ugly thing. You hit the white ugly thing.
The white ugly thing barely misses you.
You closely miss the white ugly thing. The white ugly thing trunk-slaps you!
* * * LOW HITPOINT WARNING * * *
The white ugly thing freezes you!!
* * * LOW HITPOINT WARNING * * *
Okay, then.
Unknown command.
Unknown command.
Okay, then.
Unknown command.
You feel much better. The white ugly thing trunk-slaps you!
* * * LOW HITPOINT WARNING * * *
The white ugly thing freezes you!!
* * * LOW HITPOINT WARNING * * *
Unknown command.
Okay, then.
Okay, then.
Okay, then.
Okay, then.
Okay, then.
A protective cloak of flame settles atop you.
The centaur warrior closely misses you.
The centaur warrior kicks you but does no damage.
The centaur warrior is burned by your cloak of flames.
The white ugly thing barely misses you.
The centaur warrior hits you but does no damage.
The centaur warrior is burned by your cloak of flames.
You block the centaur warrior's attack.
Unknown command.
Unknown command.
Okay, then.
Unknown command.
You impale the white ugly thing!!
You kill the white ugly thing!
The centaur warrior hits you.
You die...

.... ..# ...# #.# ...# #.#
...# #.# ...# #.# ...# #.#
..## #.#############
..######.#.......cYyy#
................@†##.##
#.###############.#.{.#####
#.# ###..§....# #.#
{,,,#§§..###.# #.#
....y.§.#### #.# {
C....R### #.# ###### ..#
#.# {


You could see a catoblepas, a centaur warrior and 2 vampire mosquitoes.

Vanquished Creatures
  2 two-headed ogres
  A deep elf pyromancer (D:9)
  A cyclops (D:9)
  3 ugly things
  An unseen horror (D:11)
  A queen bee (D:10)
  A troll (D:10)
  Prince Ribbit (D:5)
  A hornet (D:8)
  5 slime creatures
  Sigmund (D:6)
  2 wraiths
  5 yaks (D:11)
  A vampire (D:11)
  4 vampire mosquitoes (D:10)
  Menkaure (D:5)
  Edmund (D:5)
  An acid dragon (D:10)
  4 water moccasins
  A sky beast (D:7)
  6 orc warriors
  A black bear (D:5)
  An ogre (D:4)
  11 centaurs
  2 kobold brigands
  Blork the orc (D:5)
  2 elf zombies (Ossuary)
  4 bullfrogs
  A gnoll sergeant (D:7)
  A scorpion (D:5)
  19 killer bees (D:10)
  2 howler monkeys
  3 centaur zombies (Ossuary)
  2 bombardier beetles
  3 jellies
  Crazy Yiuf (D:6)
  2 gnoll boudas
  A human zombie (Ossuary)
  6 orc priests
  Ijyb (D:3)
  Terence (D:3)
  3 sleepcaps
  Jessica (D:3)
  5 iguanas
  8 orc wizards
  Natasha (thrice) (D:3)
  8 hound zombies (Ossuary)
  2 mummies (Ossuary)
  12 gnolls
  8 adders
  2 white imps (D:7)
  A ribbon worm zombie (D:5)
  9 adder zombies (Ossuary)
  6 dart slugs
  2 ribbon worms
  37 orcs
  8 ball pythons
  9 bats
  8 endoplasms
  6 giant cockroaches
  4 gnoll zombies (Ossuary)
  8 goblins
  8 hobgoblins
  2 jackals (D:3)
  20 kobolds
  2 quokkas (D:2)
  5 frilled lizards
  2 jackal zombies (Ossuary)
  6 kobold zombies (Ossuary)
  An orc zombie (Ossuary)
  4 rats
  A rat zombie (D:5)
  A butterfly (D:1)
311 creatures vanquished.

Notes
Turn   | Place    | Note
-------+----------+-------------------------------------------
     0 | D:1      | James the Formicid Cinder Acolyte began the quest for the
                  | Orb.
     0 | D:1      | Reached XP level 1. HP: 18/18 MP: 2/2
    32 | D:1      | Reached XP level 2. HP: 22/24 MP: 3/3
    81 | D:1      | Found a faded altar of an unknown god.
   284 | D:1      | Reached XP level 3. HP: 29/29 MP: 4/4
   551 | D:1      | Reached skill level 1 in Armour
   965 | D:2      | Reached XP level 4. HP: 35/35 MP: 5/5
  1139 | D:2      | Found the +5 Force Lance {heavy, knockback}
  1299 | D:2      | Reached XP level 5. HP: 41/41 MP: 6/6
  1453 | D:3      | Reached skill level 5 in Polearms
  1497 | D:3      | Noticed Jessica
  1500 | D:3      | Killed Jessica
  1522 | D:3      | Noticed Terence
  1530 | D:3      | Killed Terence
  1531 | D:3      | Reached XP level 6. HP: 47/47 MP: 7/7
  1569 | D:3      | Noticed Ijyb
  1574 | D:3      | Killed Ijyb
  1596 | D:3      | Noticed Natasha
  1606 | D:3      | Killed Natasha
  1709 | D:3      | Noticed Natasha
  1720 | D:3      | Killed Natasha
  1808 | D:3      | Found a transporter.
  1808 | D:3      | Noticed CaptainMV's ghost (amateur NaSh)
  1809 | D:3      | Found a transporter.
  1836 | D:3      | Noticed Natasha
  1840 | D:3      | Killed Natasha
  1841 | D:3      | Reached XP level 7. HP: 47/52 MP: 8/8
  1905 | D:3      | Found a hazy altar of Hepliaklqana.
  1964 | D:3      | Found a glowing golden altar of the Shining One.
  1981 | D:3      | Found a stormy altar of Qazlal.
  2098 | D:3      | Found an iron altar of Okawaru.
  2548 | D:3      | Identified the +7 dire flail "Lahint" {venom, *Slow Fly
                  | rPois rC++}
  3036 | D:4      | Found a burning altar of Makhleb.
  3222 | D:5      | Entered Level 5 of the Dungeon
  3231 | D:5      | Noticed Blork the orc
  3234 | D:5      | Killed Blork the orc
  3239 | D:5      | Noticed a water moccasin
  3249 | D:5      | Killed a water moccasin
  3250 | D:5      | Reached XP level 8. HP: 43/60 MP: 9/9
  3353 | D:5      | Noticed Prince Ribbit
  3361 | D:5      | Killed Prince Ribbit
  3451 | D:5      | Found an opulent altar of Gozag.
  3483 | D:5      | Found a sand-covered staircase.
  3493 | Ossuary  | Entered an ossuary
  3514 | Ossuary  | Reached skill level 1 in Shields
  3589 | Ossuary  | Reached skill level 2 in Shields
  3642 | Ossuary  | Reached skill level 3 in Shields
  3656 | Ossuary  | Reached XP level 9. HP: 65/65 MP: 10/10
  3657 | Ossuary  | Reached skill level 4 in Shields
  3682 | Ossuary  | Reached skill level 5 in Shields
  3814 | D:5      | Noticed Edmund
  3824 | D:5      | Killed Edmund
  3873 | D:5      | Reached skill level 6 in Shields
  3905 | D:5      | Found a staircase to the Ecumenical Temple.
  3975 | Temple   | Entered the Ecumenical Temple
  4242 | D:5      | Noticed Menkaure
  4247 | D:5      | Killed Menkaure
  4435 | D:5      | Found an ornate altar of the Wu Jian Council.
  4485 | D:5      | Reached skill level 10 in Polearms
  4485 | D:5      | Reached skill level 7 in Shields
  4646 | D:6      | Found a hide-covered altar of Uskayaw.
  4710 | D:6      | Found Cimuykin's Book Shop.
  4728 | D:6      | Found a snail-covered altar of Cheibriados.
  4805 | D:6      | Noticed Sigmund
  4855 | D:6      | Reached skill level 8 in Shields
  4912 | D:6      | Killed Sigmund
  5133 | D:6      | Found a runed translucent door.
  5134 | D:6      | Noticed Crazy Yiuf
  5143 | D:6      | Killed Crazy Yiuf
  5217 | D:7      | Reached skill level 9 in Shields
  5217 | D:7      | Reached XP level 10. HP: 62/71 MP: 11/11
  5254 | D:7      | Found a shadowy altar of Dithmenos.
  5405 | D:7      | Found a bloodstained altar of Trog.
  5509 | D:7      | Found a broken altar of Ashenzari.
  5636 | D:7      | Found a blossoming altar of Fedhas.
  5857 | D:7      | Reached skill level 10 in Shields
  6299 | D:8      | Reached skill level 5 in Armour
  6717 | D:8      | Found a sparkling altar of Nemelex Xobeh.
  6807 | D:8      | Found a transporter.
  7153 | D:9      | Reached skill level 11 in Shields
  7391 | D:9      | Noticed a red ugly thing
  7407 | D:9      | Killed a red ugly thing
  7536 | D:9      | Noticed a cyclops
  7552 | D:9      | Killed a cyclops
  7597 | D:9      | Identified the +3 long sword "Erchorph" {protect, Int+2}
  7724 | D:9      | Reached skill level 12 in Shields
  7730 | D:9      | Reached XP level 11. HP: 69/77 MP: 12/12
  7917 | D:9      | Identified the +3 mace "Dauwam" {protect, rF+}
  7935 | D:9      | Noticed a two-headed ogre
  7949 | D:9      | Killed a two-headed ogre
  7980 | D:9      | Noticed a deep elf pyromancer
  7989 | D:9      | Killed a deep elf pyromancer
  8019 | D:9      | Identified the +0 trident of Deformation {freeze, Int+2}
  8168 | D:9      | Found a staircase to the Lair.
  8307 | D:10     | Entered Level 10 of the Dungeon
  8343 | D:10     | Reached skill level 5 in Fighting
  8343 | D:10     | Reached skill level 13 in Shields
  8484 | D:10     | Noticed a white ugly thing
  8492 | D:10     | Killed a white ugly thing
  8866 | D:10     | Found a radiant altar of Vehumet.
  9122 | D:10     | Found a glowing silver altar of Zin.
  9271 | D:11     | Noticed a two-headed ogre
  9285 | D:11     | Killed a two-headed ogre
  9286 | D:11     | Reached skill level 14 in Shields
  9365 | D:11     | Found Disawozi's Assorted Antiques.
  9379 | D:11     | Reached XP level 12. HP: 87/88 MP: 13/13
  9404 | D:11     | Bought a pair of runed boots for 187 gold pieces
  9411 | D:11     | Bought a scroll labelled MANUSMAMEI for 25 gold pieces
  9468 | D:11     | Found a staircase to the Orcish Mines.
  9776 | D:11     | Found a portal to a secret trove of treasure.
  9853 | D:11     | Noticed a centaur warrior
  9853 | D:11     | Noticed a catoblepas
  9875 | D:11     | HP: 3/89 [white ugly thing (23)]
  9877 | D:11     | Slain by a centaur warrior

Illustrated notes

Levels and vault maps discovered:
D:1:      spicycebolla_arrival_clurvy, layout_basic,
          hellmonk_ecumenical_altar_crossroads
D:2:      layout_basic, minmay_divided_ellipse
D:3:      layout_loops_ring, mainiacjoe_overflow_alcove_1,
          lemuel_coloured_pillars_altar, mainiacjoe_overflow_divided_tiny,
          gammafunk_ghost_smash, nicolae_titane, uniq_natasha, uniq_terence,
          uniq_ijyb, uniq_jessica
D:4:      layout_rooms, mainiacjoe_overflow_brackets, hangedman_decor_lopped,
          ebering_dispersal_statue_hall
D:5:      layout_basic, nzn_wu_jian_contemplation, grunt_gozag_statues,
          temple_green, enter_ossuary_3, columned_hall_lemuel, uniq_edmund,
          uniq_blork_the_orc, uniq_menkaure, uniq_prince_ribbit1
D:6:      layout_cave_pools, mainiacjoe_overflow_concentric_impassable,
          mainiacjoe_overflow_tiny_flanked, serial_shops,
          nicolae_shop_real_fake_doors, uniq_crazy_yiuf_cottage, uniq_sigmund
D:7:      layout_basic, mainiacjoe_overflow_24_doors,
          mainiacjoe_overflow_surrounded_room, kennysheep_mini_moat,
          overflow_temple_1_default, serial_bayou_crossing
D:8:      layout_basic, nemelex_diamond_rough_becter, hex_tiny,
          nicolae_diode_basic
D:9:      layout_long_grid, lair_entry_dummy, eino_tiny_chamber,
          minmay_diamond_spiral
D:10:     layout_basic, mainiacjoe_overflow_boulevard, kennysheep_little_box,
          special_room [special_room_bee]
D:11:     minmay_sliced_demisemicircle, layout_loops_ring, orc_0_dummy,
          serial_shops, shop, nicolae_trove_entry_free_sample,
          kennysheep_small_square
Temple:   corrupted_temple

Skill      XL: |  1  2  3  4  5  6  7  8  9 10 11 12 |
---------------+-------------------------------------+-----
Polearms       | 4 5 6 7 9 10 11 12 | 12.0
Armour         | 1 2 3 4 6 7 8 |  8.3
Fighting       | 4 6 |  6.5
Shields        | 3 9 12 14 | 14.6
Spellcasting   | |  1.1
Fire Magic     | |  3.0

Action                     |  1- 3 |  4- 6 |  7- 9 | 10-12 || total
---------------------------+-------+-------+-------+-------++-------
  Melee: Spear             |   127 |    50 |       |       ||   177
         Punch             |     1 |       |       |       ||     1
         Lance             |       |    75 |   280 |   411 ||   766
  Throw: Dart              |     2 |     4 |     5 |     1 ||    12
 Invoke: Fiery Armour      |       |       |       |     1 ||     1
    Use: Scroll            |       |       |    12 |     1 ||    13
         Potion            |       |       |       |     3 ||     3
 Armour: Robe              |     3 |       |       |       ||     3
         Scale mail        |    51 |    53 |    11 |   178 ||   293
         Leather armour    |       |       |   118 |       ||   118
  Dodge: Dodged            |    35 |    29 |    99 |    85 ||   248
  Block: Kite shield       |       |       |    72 |   153 ||   225
